 Dungeon Crawl Stone Soup version 0.20-a0-927-g1ae2c61 (webtiles) character file.

198 Hasart the Sneak (level 6, -2/36 HPs)
             Began as a Kobold Assassin on Mar 29, 2017.
             Slain by Menkaure (17 damage)
             ... on level 4 of the Dungeon.
             The game lasted 00:07:55 (3382 turns).

Hasart the Sneak (Kobold Assassin)                  Turns: 3382, Time: 00:07:55

Health: -2/36      AC:  8    Str: 11    XL:     6   Next: 5%
Magic:  6/6        EV: 11    Int: 12    God:
Gold:   110        SH: 13    Dex: 18    Spells: 5/5 levels left

rFire    . . .     SeeInvis .   o - +2 rapier
rCold    . . .     Gourm    .   l - +0 shield
rNeg     . . .     Faith    .   s - +0 ring mail
rPois    .         Spirit   .   (no helmet)
rElec    .         Reflect  +   d - +0 cloak
rCorr    .         Harm     .   (no gloves)
MR       .....                  (no boots)
Stlth    +++.......             q - +5 amulet of reflection
Regen    0.2/turn               (no ring)
MPRegen  0.1/turn               (no ring)

@: no status effects
A: molten scales 1, carnivore 3, strong 1
a: no special abilities


You were on level 4 of the Dungeon.
You were not hungry.

You visited 1 branch of the dungeon, and saw 4 of its levels.

You collected 110 gold pieces.

Inventory:

Hand Weapons
 a - a +2 dagger
 b - a +0 blowgun
 o - a +2 rapier (weapon)
Missiles
 e - 22 poisoned needles
 f - 2 curare-tipped needles
Armour
 d - a +0 cloak (worn)
 l - a +0 shield (worn)
 s - a +0 ring mail (worn)
Jewellery
 q - a +5 amulet of reflection (around neck)
Scrolls
 h - 6 scrolls of teleportation
 j - a scroll of identify
 k - 4 scrolls of remove curse
Potions
 i - a potion of brilliance {unknown}
 n - 2 potions of curing
 p - a potion of flight {unknown}
Comestibles
 g - 2 meat rations
 r - 2 royal jellies


   Skills:
 + Level 2.9 Fighting
 * Level 4.6 Short Blades
 * Level 3.6 Throwing
 * Level 2.8 Dodging
 + Level 5.9 Stealth
 + Level 0.8 Shields


You had 5 spell levels left.
You didn't know any spells.

Dungeon Overview and Level Annotations

Branches:
Dungeon (4/15)
 Temple: D:4-7

Altars:

Annotations:
D:3 aspa's ghost, amateur OpWz
D:4 Menkaure


Innate Abilities, Weirdness & Mutations

You are small and have problems with some larger weapons.
You are carnivorous and can eat meat at any time.
You are partially covered in molten scales. (AC +2)
Your muscles are strong. (Str +2)


Message History

There is an open door here.
Menkaure is nearby!
Menkaure shouts!
Found a scroll labeled LIZOGE FESELL.
Found a stone staircase leading down.
You hit Menkaure.
Menkaure is lightly damaged.
Menkaure hits you but does no damage.
You hit Menkaure.
Menkaure is moderately damaged.
Menkaure barely misses you.
You hit Menkaure but do no damage.
Menkaure is moderately damaged.
Menkaure hits you!
Your shield prevents you from hitting Menkaure.
Menkaure is moderately damaged.
Menkaure hits you!
You hit Menkaure.
Menkaure is heavily damaged.
Menkaure hits you!
You die...

##.###.# #. #.# #.# #.
#.# #.. ##.## ##+#####
.>.# ##...## # #..#
##.....## #.#..#
##.......##
####....####.........###
......M@...'.........+..
####....####.........###
#....# ##.......##
###.## ##.....## # #.
##...## # .. ##'## # #.#
#.# # #? #.# #
##.#######


You could see Menkaure.

Vanquished Creatures
  A scorpion (D:4)
  A hound (D:4)
  4 adders
  2 oozes
  A worm (D:2)
  2 dart slugs (D:1)
  3 orcs (D:3)
  3 ball pythons (D:1)
  5 bats
  5 giant cockroaches
  13 hobgoblins
  A frilled lizard (D:1)
  5 goblins
  7 kobolds
  9 rats
62 creatures vanquished.

Notes
Turn   | Place    | Note
-------+----------+-------------------------------------------
     0 | D:1      | Hasart the Kobold Assassin began the quest for the Orb.
     0 | D:1      | Reached XP level 1. HP: 12/12 MP: 1/1
   103 | D:1      | Reached XP level 2. HP: 15/17 MP: 2/2
   606 | D:1      | Reached XP level 3. HP: 22/22 MP: 3/3
  1116 | D:2      | Reached XP level 4. HP: 27/27 MP: 4/4
  2054 | D:3      | Reached XP level 5. HP: 31/32 MP: 5/5
  2216 | D:3      | Noticed aspa's ghost (amateur OpWz)
  2252 | D:3      | HP: 1/32 [aspa's ghost/magic dart (3)]
  2670 | D:3      | Gained mutation: You are partially covered in molten scales. (AC +2) [potion of mutation]
  2670 | D:3      | Gained mutation: Your muscles are strong. (Str +2) [potion of mutation]
  3019 | D:4      | Reached XP level 6. HP: 4/36 MP: 6/6
  3373 | D:4      | Noticed Menkaure
  3382 | D:4      | Slain by Menkaure

Vault maps used:
D:1:      dpeg_arrival_stone_temple_mockup
D:2:      first_bread, glass_columns_a
D:4:      uniq_menkaure, uniq_robin

Skill      XL: |  1  2  3  4 |
---------------+-------------+-----
Short Blades   | 3 4 |  4.6
Dodging        | 2 |  2.8
Throwing       | 3 |  3.6
Fighting       | |  2.9
Stealth        | |  5.9
Shields        | |  0.8

Action                   |  1- 3 |  4- 6 || total
-------------------------+-------+-------++-------
Melee: Dagger            |    64 |    26 ||    90
       Rapier            |       |   123 ||   123
 Fire: Blowgun           |     9 |     5 ||    14
  Use: Scroll            |       |     5 ||     5
       Potion            |       |     3 ||     3
 Stab: Sleeping          |    15 |     6 ||    21
  Eat: Chunk             |       |    11 ||    11
Armor: Robe              |     2 |     7 ||     9
       Ring mail         |       |    33 ||    33
Dodge: Dodged            |    35 |    67 ||   102
Block: Shield            |       |    76 ||    76
       Reflection        |       |     3 ||     3
